 Dungeon Crawl Stone Soup version 0.30.1-9-gdf580d7c3d (webtiles) character file.

Game seed: 787498237203508906

26592 leafyfresh the Grappler (level 12, -4/133 HPs)
             Began as a Troll Berserker on Oct 15, 2023.
             Was an Elder of Trog.
             Killed by divine providence
             ... invoked by an orc priest
              (12 damage)
             ... on level 2 of the Orcish Mines.
             The game lasted 00:25:16 (13136 turns).

leafyfresh the Grappler (Troll Berserker)          Turns: 13136, Time: 00:25:17

Health: -4/133     AC: 12    Str: 38    XL:     12   Next: 99%
Magic:  11/11      EV: 11    Int:  3    God:    Trog [****..]
Gold:   1979       SH:  0    Dex:  9    Spells: 11/11 levels left

rFire   . .          .
                       - Unarmed
rCold   . . .        (no shield)
rNeg    + . .        P - +3 troll leather armour {Snorg}
rPois   .            (helmet restricted)
rElec   .            u - +2 cloak
rCorr   .            (gloves unavailable)
SInv    .            (boots unavailable)
Will    .....        (no amulet)
Stlth   +            E - +6 ring of strength
HPRegen 2.02/turn    k - ring of positive energy
MPRegen 0.12/turn

%: no passive effects
@: about to teleport, on berserk cooldown
A: large, unfitting armour, claws 3, regeneration 1, shaggy fur 1, tough skin 1
a: Renounce Religion, Berserk, Trog's Hand, Brothers in Arms


You were on level 2 of the Orcish Mines.
You worshipped Trog.
Trog was greatly pleased with you.
You visited 2 branches of the dungeon, and saw 14 of its levels.
You also visited: Ossuary and Bailey.

You collected 2437 gold pieces.
You spent 458 gold pieces at shops.

Inventory:

Hand Weapons
 a - the +6 falchion of Qisyudgh {protect, *Rage rCorr Stlth+}
   (You found it on level 11 of the Dungeon)

   *Rage:     It berserks you when you make melee attacks (+20% chance).
   rCorr:     It protects you from acid and corrosion.
   Stlth:     It makes you more stealthy.
 t - a +4 quarterstaff of chaos
 G - the +9 short sword of the Original Sin {protect, rElec rF+ Stlth-}
   (You found it on level 8 of the Dungeon)

   rF:        It protects you from fire.
   rElec:     It insulates you from electricity.
   Stlth:     It makes you less stealthy.
 Q - the +12 glaive "Iwoym" {heavy, rElec rCorr}
   (Trog gifted it to you on level 9 of the Dungeon)

   rElec:     It insulates you from electricity.
   rCorr:     It protects you from acid and corrosion.
Missiles
 s - 6 silver javelins (quivered)
Armour
 u - a +2 cloak (worn)
 P - a +3 troll leather armour (worn) {Snorg}
Jewellery
 j - a ring of protection from cold
 k - a ring of positive energy (right claw)
 l - a +6 ring of intelligence
 E - a +6 ring of strength (left claw)
 H - an amulet of magic regeneration
 K - a +5 ring of evasion
Wands
 f - a wand of flame (15)
 y - a wand of acid (10)
 I - a wand of roots (7)
Scrolls
 b - 2 scrolls of immolation
 c - a scroll of torment
 m - a scroll of fear
 r - 2 scrolls of amnesia
 w - 3 scrolls of teleportation
 z - 3 scrolls of blinking
 A - 3 scrolls of fog
 F - a scroll of summoning
 J - 4 scrolls of enchant weapon
 M - a scroll of vulnerability {unknown}
 N - a scroll of poison
 O - a scroll of silence {unknown}
Potions
 d - 4 potions of curing
 e - a potion of attraction {unknown}
 g - a potion of cancellation {unknown}
 h - 3 potions of flight {unknown}
 i - 2 potions of resistance {unknown}
 n - 5 potions of mutation {unknown}
 o - 5 potions of heal wounds {unknown}
 p - 3 potions of lignification {unknown}
 q - 5 potions of invisibility {unknown}
 v - 4 potions of haste {unknown}
 x - 6 potions of brilliance {unknown}
 B - 4 potions of might {unknown}
 C - 2 potions of ambrosia {unknown}
 D - 4 potions of degeneration {unknown}
 L - a potion of magic {unknown}


   Skills:
 - Level 12.4 Fighting
 - Level 2.6 Armour
 + Level 7.5 Dodging
 - Level 14.5 Unarmed Combat


You had 11 spell levels left.
You didn't know any spells.
Your spell library was empty.

Dungeon Overview and Level Annotations

Branches:
Dungeon (12/15)            Temple (0/1) D:6            Lair (0/5) D:9
    Orc (2/2) D:9             Elf (0/3) Orc:2       Ossuary (visited)
 Bailey (visited)

Altars:
Cheibriados
Ru
Uskayaw
Yredelemnul
The Shining One

Shops:
D:3 :   D:5 :   D:6 (   D:7 =   D:10 *   Orc:2 [*[!


Innate Abilities, Weirdness & Mutations

You are too large for most types of armour.
You have claws for hands.
Your natural rate of healing is unusually fast.
You are covered in fur. (AC +1)
You have tough skin. (AC +1)


Message History

The orc warrior hits you from afar with a +0 glaive!
You claw the orc wizard!
You kill the orc wizard!
Trog accepts your kill.
Trog appreciates your killing of a magic user.
The orc warrior hits you from afar with a +0 glaive.
* * * LOW HITPOINT WARNING * * *
You mangle the orc wizard!!
You kill the orc wizard!
Trog accepts your kill.
Trog appreciates your killing of a magic user.
The orc warrior misses you.
You mangle the orc!!
You kill the orc!
Trog accepts your kill.
The orc warrior hits you from afar with a +0 glaive!
* * * LOW HITPOINT WARNING * * *
You barely miss the orc priest. The orc warrior closely misses you.
The orc priest barely misses you.
The orc warrior hits you but does no damage.
You eviscerate the orc priest!!!
You kill the orc priest!
Trog accepts your kill.
The orc priest calls down the wrath of Beogh upon you.
Beogh smites you!
* * * LOW HITPOINT WARNING * * *
The orc warrior hits you from afar with a +0 glaive.
* * * LOW HITPOINT WARNING * * *
The orc priest calls down the wrath of Beogh upon you.
Beogh smites you!
* * * LOW HITPOINT WARNING * * *
Things that are here:
a +2 flail of protection; a +0 chain mail
As you read the scroll of teleportation, it crumbles to dust.
You feel strangely unstable.
You feel yourself speed up.
The orc wizard shouts!
You hear a shout!
The orc priest mumbles some strange prayers to Beogh against you.
Beogh smites you!
You die...

........#....
#.....#.....#..# ..
...#.#.......#..# .
..#####......#..# ...
.......##..# .. ....
......##...#
...###############...##
....o.....)........##
....###.....######### .
#.#.##..@.## .
#...##..## .. #.oo###
.4### ####)..## #.o.##
#..oo...## ..oo.#
#........## ..##3###
##..##.....# . #...#
#..###..#.## ##{##
#.####)..##


You could see an orc warrior, an orc priest and 2 orc wizards.

Vanquished Creatures
  Jorgrun (D:9)
  Snorg (D:11)
  An ettin (Orc:2)
  A hydra (D:9)
  Erolcha (D:10)
  A centaur warrior (D:12)
  2 two-headed ogres
  The ghost of fireball365 the Cleaver, a novice HOFi of Okawaru (D:8)
  2 orc high priests (Orc:2)
  3 skeletal warriors (D:11)
  2 orc knights
  A deep elf pyromancer (D:12)
  A manticore (D:9)
  Pikel (D:7)
  2 orc sorcerers (Orc:2)
  2 gargoyles (D:10)
  Maggie (D:8)
  Psyche (D:9)
  5 trolls
  A hornet (D:8)
  A shadow (D:11)
  2 wraiths
  20 yaks
  2 wyverns (D:9)
  3 steam dragons
  Menkaure (D:7)
  5 ice beasts
  25 orc warriors
  2 black bears
  3 ogres
  6 centaurs
  An elf zombie (D:5)
  2 phantoms
  8 bullfrogs
  A scorpion (D:6)
  6 elf skeletons (D:5)
  9 wights
  6 killer bees (D:9)
  3 howler monkeys
  2 human zombies (D:5)
  A hound (D:6)
  3 gnoll boudas
  15 orc priests
  Crazy Yiuf (D:2)
  2 jellies
  A human skeleton (D:5)
  An iron imp (D:9)
  Jessica (D:2)
  5 iguanas
  Terence (D:3)
  25 orc wizards
  2 mummies (Ossuary)
  18 gnolls
  7 adders
  2 white imps
  2 adder zombies (Ossuary)
  3 worms
  3 dart slugs
  73 orcs
  6 ball pythons
  3 bats
  6 endoplasms
  3 giant cockroaches
  2 gnoll zombies (Ossuary)
  8 goblins
  6 hobgoblins
  2 jackals (D:5)
  6 kobolds
  6 quokkas
  2 frilled lizards
  3 hobgoblin zombies (Ossuary)
  3 kobold zombies (Ossuary)
  An orc skeleton (D:5)
  11 orc zombies (Ossuary)
  7 rats
  A spectral orc (D:3)
381 creatures vanquished.

Vanquished Creatures (collateral kills)
  An orc knight (Bailey)
  2 orc warriors
  2 orc priests (Orc:2)
  6 orcs
11 creatures vanquished.

Grand Total: 392 creatures vanquished

Notes
Turn   | Place    | Note
-------+----------+-------------------------------------------
     0 | D:1      | leafyfresh the Troll Berserker began the quest for the Orb.
     0 | D:1      | Reached XP level 1. HP: 22/22 MP: 0/0
   131 | D:1      | Reached XP level 2. HP: 29/29 MP: 1/1
   328 | D:1      | Reached XP level 3. HP: 37/37 MP: 2/2
   724 | D:2      | You fall into a shaft and drop 1 floor!
  1086 | D:3      | Reached skill level 4 in Unarmed Combat
  1181 | D:3      | Found Lat Ivom's Book Shoppe.
  1283 | D:3      | Noticed Terence
  1299 | D:3      | Killed Terence
  1300 | D:3      | Reached XP level 4. HP: 18/45 MP: 3/3
  1431 | D:3      | Found a basalt altar of Yredelemnul.
  1782 | D:2      | Reached ** piety under Trog
  1804 | D:2      | Found a runed translucent door.
  1805 | D:2      | Noticed Crazy Yiuf
  1909 | D:2      | Noticed Jessica
  1919 | D:2      | Killed Jessica
  2041 | D:2      | Reached XP level 5. HP: 54/54 MP: 4/4
  2186 | D:2      | Killed Crazy Yiuf
  2323 | D:4      | Noticed a black bear
  2330 | D:4      | Killed a black bear
  2331 | D:4      | Reached skill level 5 in Unarmed Combat
  2409 | D:4      | Found a glowing golden altar of the Shining One.
  2614 | D:4      | Reached XP level 6. HP: 62/62 MP: 5/5
  3256 | D:5      | Entered Level 5 of the Dungeon
  3263 | D:5      | Found a sacrificial altar of Ru.
  3373 | D:5      | Reached skill level 5 in Fighting
  3373 | D:5      | Reached skill level 6 in Unarmed Combat
  3373 | D:5      | Reached XP level 7. HP: 35/72 MP: 6/6
  3784 | D:5      | Reached *** piety under Trog
  3806 | D:5      | Reached skill level 7 in Unarmed Combat
  3814 | D:5      | Found a sand-covered staircase.
  3847 | D:5      | Reached XP level 8. HP: 83/83 MP: 7/7
  3850 | Ossuary  | Entered an ossuary
  4753 | D:5      | Reached skill level 8 in Unarmed Combat
  5020 | D:5      | Reached **** piety under Trog
  5079 | D:5      | Found Hitex's Book Shop.
  5447 | D:6      | Found Kiloch's Weapon Emporium.
  5478 | D:6      | Found a staircase to the Ecumenical Temple.
  5642 | D:6      | Reached XP level 9. HP: 69/93 MP: 8/8
  5760 | D:6      | Found a hide-covered altar of Uskayaw.
  5779 | D:6      | Reached skill level 9 in Unarmed Combat
  6310 | D:7      | Noticed Pikel
  6334 | D:7      | Killed Pikel
  6349 | D:7      | Reached skill level 10 in Unarmed Combat
  6435 | D:7      | Found Bepetaem's Jewellery Emporium.
  6442 | D:7      | Bought a +6 ring of strength for 432 gold pieces
  6534 | D:7      | Noticed Menkaure
  6543 | D:7      | Killed Menkaure
  6972 | D:8      | Found a runed translucent door.
  6972 | D:8      | Noticed fireball365's ghost (novice HOFi)
  7022 | D:8      | Noticed Maggie
  7034 | D:8      | Killed Maggie
  7035 | D:8      | Reached XP level 10. HP: 84/107 MP: 9/9
  7100 | D:8      | Identified the +9 short sword of the Original Sin {protect,
                  | rElec rF+ Stlth-}
  7230 | D:8      | Reached skill level 11 in Unarmed Combat
  7338 | D:8      | Reached ***** piety under Trog
  7585 | D:8      | Killed fireball365's ghost
  7649 | D:9      | Found a staircase to the Lair.
  7663 | D:9      | Noticed a two-headed ogre
  7670 | D:9      | Killed a two-headed ogre
  7671 | D:9      | Reached skill level 10 in Fighting
  7671 | D:9      | Reached skill level 12 in Unarmed Combat
  7719 | D:9      | Noticed a seven-headed hydra
  7719 | D:9      | Noticed a manticore
  7719 | D:9      | Noticed Psyche
  7727 | D:9      | Killed a manticore
  7730 | D:9      | Killed Psyche
  7734 | D:9      | Killed a seven-headed hydra
  7735 | D:9      | Reached XP level 11. HP: 80/119 MP: 10/10
  8601 | D:8      | Reached skill level 13 in Unarmed Combat
  9007 | D:9      | Found a staircase to the Orcish Mines.
  9145 | D:9      | Found a snail-covered altar of Cheibriados.
  9514 | D:10     | Entered Level 10 of the Dungeon
  9704 | D:10     | Found a flagged portal.
  9723 | Bailey   | Entered a bailey
  9748 | Bailey   | Received a gift from Trog
  9850 | Bailey   | Noticed an orc knight
  9850 | Bailey   | Noticed an orc knight
  9877 | Bailey   | Killed an orc knight
  9883 | Bailey   | Killed an orc knight
 10044 | D:10     | Found Bysast's General Store.
 10048 | D:10     | Bought a scroll of identify for 26 gold pieces
 10252 | D:10     | Noticed a two-headed ogre
 10298 | D:10     | Reached skill level 14 in Unarmed Combat
 10377 | D:10     | Killed a two-headed ogre
 10378 | D:10     | Reached XP level 12. HP: 132/132 MP: 11/11
 10643 | D:11     | Identified the +6 falchion of Qisyudgh {protect, *Rage
                  | rCorr Stlth+}
 10673 | D:11     | Reached skill level 1 in Armour
 10988 | D:11     | Noticed Snorg
 11000 | D:11     | Killed Snorg
 11059 | D:11     | Acquired 1004 gold pieces
 11429 | D:12     | Noticed a centaur warrior
 11440 | D:12     | Killed a centaur warrior
 11626 | D:10     | Noticed Erolcha
 11635 | D:10     | Killed Erolcha
 11713 | Orc:1    | Entered Level 1 of the Orcish Mines
 11717 | Orc:1    | Noticed Jorgrun
 11720 | D:9      | Identified the +12 glaive "Iwoym" {heavy, rElec rCorr}
                  | (Trog gifted it to you on level 9 of the Dungeon)
 11720 | D:9      | Received a gift from Trog
 12214 | D:9      | Killed Jorgrun
 12215 | D:9      | Reached skill level 5 in Dodging
 12438 | Orc:2    | Entered Level 2 of the Orcish Mines
 12438 | Orc:2    | Found a staircase to the Elven Halls.
 12532 | Orc:2    | Noticed an orc high priest
 12535 | Orc:2    | Noticed an orc high priest
 12542 | Orc:2    | Noticed an orc high priest
 12547 | Orc:2    | Killed an orc high priest
 12576 | Orc:2    | Noticed an ettin
 12589 | Orc:2    | Killed an ettin
 12967 | Orc:2    | Found Etziesh's Distillery.
 12967 | Orc:2    | Found Celefuj's Antique Armour Emporium.
 12968 | Orc:2    | Found Rico's Antique Armour Shoppe.
 12972 | Orc:2    | Found Zaukh's General Store.
 13121 | Orc:2    | Killed an orc high priest
 13135 | Orc:2    | HP: 5/133 [orc priest/divine providence (13)]
 13136 | Orc:2    | Killed from afar by an orc priest

Illustrated notes

Levels and vault maps discovered:
D:1:      beargit_arrival_diablo_church, layout_basic, serial_glass,
          glass_columns_c, glass_columns_a, glass_columns_a, glass_columns_c,
          hangedman_abyss_or_decor_lesser_grid, serial_bayou_pond_c
D:2:      layout_basic, uniq_crazy_yiuf_cottage, uniq_jessica
D:3:      layout_basic, yredelemnul_forgotten_temple_becter, serial_shops, shop,
          serial_bayou_pond_d, fountainhead, hex_large, minmay_quadrilaterals,
          uniq_terence
D:4:      layout_basic, nicolae_tso_carved_into_rock,
          eino_small_chamber_without_monster
D:5:      cheibrodos_barr_body, layout_layer_cave,
          mainiacjoe_overflow_tiny_flanked, nicolae_ossuary_entry_catacombs,
          serial_shops, kennysheep_little_box, serial_park_tiny_pond
D:6:      layout_basic, nicolae_uskayaw_dance_hall,
          minmay_temple_entry_drinking_statues, serial_shops, shop
D:7:      wad_pebble_path, layout_loops_ring, serial_shops, nicolae_square_shop,
          uniq_menkaure, uniq_pikel
D:8:      layout_basic, hellmonk_ghost_happy_afterlife, uniq_maggie
D:9:      layout_layer_cave, slow_altar_1, lair_entry_dummy, david_orc_4,
          minivault_20, uniq_psyche
D:10:     layout_long_grid, serial_shops, nicolae_shop_trees, enter_bailey_5,
          minmay_puff, uniq_erolcha
D:11:     layout_roguey, uniq_snorg
D:12:     minmay_the_grid_octo_tiled_squarecenter_mashed
          [minmay_the_grid_octo_tetromino_candy, minmay_the_grid_octo_shrine,
          minmay_the_grid_octo_checkerflower, minmay_the_grid_octo_focus,
          minmay_the_grid_square_5x5_megaprize_open,
          minmay_the_grid_square_5x5_v, minmay_the_grid_square_5x5_two,
          minmay_the_grid_square_5x5_intrusive_squares,
          minmay_the_grid_square_5x5_two_walls_b], layout_gridville
Orc:1:    layout_caves, abandoned_shop, nicolae_orc_sculptors_studio,
          uniq_harold, uniq_jorgrun
Orc:2:    st_orc_mages, layout_caves, nicolae_orc_damp_corner

Skill      XL: |  1  2  3  4  5  6  7  8  9 10 11 12 |
---------------+-------------------------------------+-----
Fighting       | 3 4 5 6 7 9 10 12 | 12.4
Unarmed Combat | 4 5 6 7 8 10 12 14 | 14.5
Armour         | 2 |  2.6
Dodging        | 7 |  7.5

Action                     |  1- 3 |  4- 6 |  7- 9 | 10-12 || total
---------------------------+-------+-------+-------+-------++-------
  Melee: Unarmed           |    98 |   124 |   371 |   510 ||  1103
         Punch             |       |     6 |    19 |    29 ||    54
 Invoke: Berserk           |       |       |       |    14 ||    14
         Brothers in Arms  |       |       |       |     2 ||     2
    Use: Scroll            |       |       |     9 |    15 ||    24
         Potion            |       |       |     1 |     3 ||     4
 Armour: Animal skin       |    26 |    45 |    92 |    12 ||   175
         Troll leather arm |       |       |       |   210 ||   210
         Robe              |       |       |       |     8 ||     8
  Dodge: Dodged            |    38 |    53 |   163 |   245 ||   499
